Map: Deathaura LE

Players

Osiris

  • Race: Terran Terran
  • League: Diamond
  • Spawn Location: 5:00

Hobodan - Winner!

  • Race: Protoss Protoss
  • League: Master
  • Spawn Location: 11:00

VOD

Have the link to the VOD?

Description

Time

  • Played on: Jan. 4, 2021, 3:40 a.m.
  • Length: 4:41
Show
View Real Time Build Order
Export as new Build Order

Osiris Terran 

Build Orders: Reaper Expand 

Get SALT Encoding   

  12  0:00  SCV  
  13  0:12  SCV  
  14  0:16  Supply Depot  
  14  0:24  SCV  
  15  0:38  SCV  
  15  0:39  Barracks  
  16  0:43  Refinery  
  16  0:50  SCV  
  17  1:03  SCV  
  18  1:15  SCV  
  19  1:35  Orbital Command  
  19  1:36  Reaper  
  20  1:49  Command Center  
  20  1:58  Command Center  
  20  2:00  Supply Depot  
  20  2:02  SCV  
  20  2:08  Marine  
  22  2:14  SCV  
  23  2:27  Factory  
  23  2:29  SCV  
  24  2:32  Marine  
  25  2:41  Refinery, SCV  
  26  2:53  Marine  
  26  2:55  SCV  
  28  3:04  Bunker  
  28  3:07  SCV  
  28  3:12  Barracks Reactor  
  29  3:16  Hellion  
  29  3:17  Starport  
  29  3:19  Orbital Command  
  30  3:29  SCV  
  31  3:39  Factory Tech Lab  
  31  3:41  SCV  
  31  3:47  SCV  
  33  3:49  Marine x2  
  35  3:59  SCV  
  36  4:06  SCV  
  36  4:08  Factory Tech Lab, Marine  
  36  4:09  Marine  
  41  4:10  Barracks  
  41  4:11  SCV  
  36  4:25  SCV  
Show
View Real Time Build Order
Export as new Build Order

Hobodan Protoss - Winner!

Build Orders: Oracle Opening 

Get SALT Encoding   

  12  0:01  Probe (Chrono Boost)  
  13  0:10  Probe (Chrono Boost)  
  14  0:15  Probe  
  15  0:22  Pylon  
  15  0:40  Gateway, Probe  
  16  0:45  Assimilator  
  16  0:52  Probe  
  17  1:04  Probe (Chrono Boost)  
  18  1:14  Assimilator  
  18  1:16  Probe (Chrono Boost)  
  19  1:18  Pylon  
  19  1:21  Probe (Chrono Boost)  
  20  1:30  Probe, Cybernetics Core  
  21  1:34  Zealot  
  23  1:42  Probe  
  24  2:08  Stalker (Chrono Boost)  
  24  2:09  Nexus  
  26  2:22  Stargate  
  26  2:31  Stalker  
  28  2:43  Pylon  
  28  2:47  Assimilator, Probe  
  29  3:02  Stalker  
  31  3:07  Oracle (Chrono Boost)  
  34  3:14  Probe  
  35  3:26  Probe  
  36  3:27  Probe  
  37  3:34  Oracle (Chrono Boost)  
  37  3:39  Probe  
  41  3:43  Assimilator  
  41  3:51  Probe  
  42  4:05  Oracle (Chrono Boost)  
  42  4:06  Probe  
  46  4:18  Probe  
Tags
 
Add a new tag
Caveats
  • Supply blocks, unpowered buildings, or Contaminate may cause inaccurate times.
  • Supply counts are checked every 10 seconds.